 Dungeon Crawl Stone Soup version 0.32-a0-683-ge26c5dbc97 (webtiles) character file.

Game seed: 2713168264992293187

144192 Revguard the Fetichist (level 17, -16/151 HPs)
             Began as a Coglin Gladiator on Mar 12, 2024.
             Was the Champion of Wu Jian.
             Demolished by a death yak simulacrum (37 damage)
             ... on level 1 of the Shoals on Mar 13, 2024.
             The game lasted 01:41:38 (21813 turns).

Revguard the Fetichist (Coglin Gladiator)          Turns: 21813, Time: 01:41:38

Health: -16/151    AC: 16    Str: 16    XL:     17   Next: 16%
Magic:  17/17      EV: 23    Int:  8    God:    Wu Jian [******]
Gold:   2201       SH:  0    Dex: 25    Spells: 16/16 levels left

rFire   . . .        K - +0 scimitar {Shu}
rCold   . . .        j - +1 dagger (vamp) {Manar}
rNeg    . . .        s - +3 troll leather armour
rPois   +            h - +0 mask of the Dragon {Will+ Slay+3 SInv}
rElec   .            P - +1 cloak {Will+}
rCorr   +            u - +2 pair of gloves {Dex+3}
SInv    +            y - +1 pair of boots
Will    +++..        (amulet unavailable)
Stlth   ++++         (ring unavailable)
HPRegen 1.25/turn    (ring unavailable)
MPRegen 0.15/turn    x - tungsten actuator {rPois rCorr Slay+3 Clar RMsl}

%: repel missiles, clarity
@: revving
A: off-hand wielding, slow wielding, warmup strikes, no jewellery, robust 1,
inability to read after injury 1
a: Renounce Religion, Wall Jump, Serpent's Lash, Heavenly Storm


You were on level 1 of the Shoals.
You worshipped Wu Jian.
Wu Jian was exalted by your worship.
You visited 5 branches of the dungeon, and saw 24 of its levels.
You also visited: Bailey and Gauntlet.

You collected 3340 gold pieces.
You spent 1139 gold pieces at shops.

Inventory:

Hand Weapons
 j - a +1 vampiric dagger (offhand) {Manar}
 K - a +0 scimitar (weapon) {Shu}
 N - a +4 dagger of venom
 Q - a +7 dagger of draining
Missiles
 b - 3 silver javelins
 d - 5 throwing nets (quivered)
 e - 7 javelins
Armour
 h - the +0 mask of the Dragon (worn) {Will+ Slay+3 SInv}
   (You found it in a Gauntlet)

   Slay+3:    It affects your accuracy & damage with ranged weapons and melee
   (+3).
   Will+:     It increases your willpower.
   SInv:      It lets you see invisible.
 p - a +2 scale mail of fire resistance
 q - a +1 cloak
 s - a +3 troll leather armour (worn)
 u - a +2 pair of gloves of dexterity (worn)
 y - a +1 pair of boots (worn)
 P - a +1 cloak of willpower (worn)
Gizmo
 x - a tungsten actuator (installed) {rPois rCorr Slay+3 Clar RMsl}
   (You invented it yourself on level 15 of the Dungeon)

   [tungsten actuator]

   Slay+3:    It affects your accuracy & damage with ranged weapons and melee
   (+3).
   rPois:     It protects you from poison.
   Clar:      It protects you from confusion, rage, mesmerisation and fear.
   RMsl:      It protects you from missiles.
   rCorr:     It protects you from acid and corrosion.
Wands
 c - a wand of polymorph (9)
 g - a wand of charming (17)
 n - a wand of flame (46)
 w - a wand of mindburst (22)
 A - a wand of light (6)
 R - a wand of roots (3)
Scrolls
 o - 10 scrolls of teleportation
 r - 9 scrolls of fog
 z - 2 scrolls of fear
 B - 6 scrolls of poison
 D - 6 scrolls of identify
 I - a scroll of revelation
 L - a scroll of immolation
 O - a scroll of torment
Potions
 a - a potion of resistance
 f - 4 potions of brilliance
 i - 3 potions of lignification
 k - 2 potions of magic
 l - a potion of ambrosia
 m - 4 potions of attraction
 t - 5 potions of enlightenment
 v - 6 potions of curing
 C - 5 potions of berserk rage
 F - a potion of cancellation {unknown}
 G - 2 potions of might
 H - a potion of haste
Miscellaneous
 E - a phantom mirror (inert)
 M - a phial of floods


   Skills:
 + Level 13.6 Fighting
 + Level 16.7 Long Blades
 - Level 1.7 Throwing
 + Level 12.4 Armour
 + Level 12.7 Dodging
 + Level 7.2 Stealth
 + Level 17.1 Evocations


You had 16 spell levels left.
You didn't know any spells.
Your spell library contained the following spells:

 Spells                   Type           Power      Damage    Failure   Level
 Apportation              Tloc           0%         N/A       45%         1
 Kiss of Death            Conj/Necr      0%         2d5       45%         1
 Necrotise                Necr           0%         1d4       45%         1
 Sting                    Conj/Alch      0%         1d3       45%         1
 Summon Small Mammal      Summ           0%         N/A       45%         1
 Mercury Vapours          Alch/Air       0%         N/A       58%         2
 Sublimation of Blood     Necr           0%         N/A       58%         2
 Confusing Touch          Hex            0%         N/A       83%         3
 Dazzling Flash           Conj/Hex       0%         N/A       83%         3
 Fugue of the Fallen      Necr           0%         N/A       83%         3
 Gell's Gravitas          Tloc           0%         N/A       83%         3
 Hailstorm                Conj/Ice       0%         3d5       83%         3
 Inner Flame              Hex/Fire       0%         N/A       83%         3
 Ozocubu's Armour         Ice            0%         N/A       83%         3
 Summon Ice Beast         Ice/Summ       0%         N/A       83%         3
 Teleport Other           Tloc           0%         N/A       83%         3
 Animate Armour           Summ/Erth      0%         N/A       99%         4
 Manifold Assault         Tloc           0%         N/A       99%         4
 Olgreb's Toxic Radiance  Alch           0%         N/A       99%         4
 Petrify                  Alch/Erth      0%         N/A       99%         4
 Summon Lightning Spire   Summ/Air       0%         N/A       99%         4
 Vhi's Electric Charge    Tloc/Air       0%         N/A       99%         4
 Alistair's Intoxication  Alch           0%         N/A       100%        5
 Arcjolt                  Conj/Air       0%         1d10      100%        5
 Borgnjor's Vile Clutch   Necr/Erth      0%         N/A       100%        5
 Irradiate                Conj/Alch      0%         3d11      100%        5
 Lee's Rapid Deconstruct  Erth           0%         3d4*      100%        5
 Summon Forest            Summ/Tloc      0%         N/A       100%        5
 Summon Mana Viper        Hex/Summ       0%         N/A       100%        5
 Dispersal                Tloc           0%         N/A       100%        6
 Eringya's Noxious Bog    Alch           0%         4d6       100%        6
 Permafrost Eruption      Ice/Erth       0%         2x4d2     100%        6
 Plasma Beam              Fire/Air       0%         2x1d10    100%        6
 Sculpt Simulacrum        Ice/Alch       0%         N/A       100%        6
 Starburst                Conj/Fire      0%         6d3       100%        6
 Summon Cactus Giant      Summ           0%         N/A       100%        6
 Discord                  Hex            0%         N/A       100%        8
 Maxwell's Capacitive Co  Air            0%         ∞         100%        8


Dungeon Overview and Level Annotations

Branches:
Dungeon (15/15)            Temple (1/1) D:4            Lair (5/5) D:10
 Shoals (1/4) Lair:3       Spider (0/4) Lair:3        Slime (0/5) Lair:5
    Orc (2/2) D:9             Elf (0/3) Orc:2        Vaults (0/5) D:13
 Depths (0/4) D:15         Bailey (visited)         Gauntlet (visited)

Altars:
Ashenzari
Cheibriados
Dithmenos
Elyvilon
Fedhas
Gozag
Hepliaklqana
Kikubaaqudgha
Makhleb
Nemelex Xobeh
Okawaru
Qazlal
Ru
Sif Muna
Trog
Uskayaw
Vehumet
Wu Jian
Xom
Yredelemnul
Zin
Beogh
Jiyva

Shops:
D:8 *![(   D:9 :   D:12 =   Orc:2 ![(*[


Innate Abilities, Weirdness & Mutations

You can wield a second weapon in your off-hand.
It takes a long time for you to wield or remove held weapons.
Your first few attacks do less damage.
You cannot equip rings or amulets.
You are robust. (+10% HP)
You occasionally lose the ability to read scrolls when taking damage.


Message History

The bolt of light hits the frost giant!!
You kill the frost giant!
The Council accepts your kill.
You hear a splash.
The merfolk simulacrum completely misses you.
You spin and attack the merfolk simulacrum repeatedly.
You slash the merfolk simulacrum with your +0 scimitar!
The merfolk simulacrum is almost destroyed.
You hit the merfolk simulacrum with your +1 vampiric dagger.
You slash the merfolk simulacrum with your +0 scimitar!
The merfolk simulacrum vaporises!
The Council accepts your kill.
The snapping turtle simulacrum bites you from afar.
* * * LOW HITPOINT WARNING * * *
You lunge at the snapping turtle simulacrum, in a flurry of attacks.
You slice the snapping turtle simulacrum with your +0 scimitar!!
The snapping turtle simulacrum is severely damaged.
You hit the snapping turtle simulacrum with your +1 vampiric dagger.
You puncture the snapping turtle simulacrum with your +1 vampiric dagger!
The snapping turtle simulacrum is almost destroyed.
You slash the snapping turtle simulacrum with your +0 scimitar!
The snapping turtle simulacrum vaporises!
The Council accepts your kill.
Aiming: Bolt of Light
Press: ? - help, Shift-Dir - straight line, f - manticore simulacrum
Aim: a manticore simulacrum (100% to hit)
The bolt of light hits the death yak simulacrum!!
The death yak simulacrum is severely damaged.
The bolt of light hits the manticore simulacrum!!
The manticore simulacrum vaporises!
The Council accepts your kill. The death yak simulacrum gores you!
* * * LOW HITPOINT WARNING * * *
The death yak simulacrum freezes you!
* * * LOW HITPOINT WARNING * * *
Unknown command.
You feel much better. The death yak simulacrum gores you!
* * * LOW HITPOINT WARNING * * *
The death yak simulacrum freezes you!!!
You die...

..~..(...>~~~~~~~~≈≈≈≈≈≈≈≈
.~....#.~~~~~~~~~~~≈≈≈≈≈≈≈#
~~.###...~~(~~~~~~~~≈≈≈≈≈≈#
~~## #...~~~~~~~~~~~≈≈≈≈≈≈#
>~.###........~~~~~~~≈≈≈≈≈#
~.~.............~~~~~≈≈≈≈≈#
~~~~~.~~~~.........~~~≈≈≈≈#
~~~~~~~~~~.......Z..~~~≈≈≈#
~~~~~~~~~~......@Z○)~)~≈≈≈#
.~~~~.~~~~~...#######~)≈≈≈#
.~~~~~~~~~~...#ZZZZ~#~~≈≈≈#
~~~≈≈~~~~~~~..#ZZZZ~)~~≈≈≈#
.~~~~~~~~~~~~~#}~Z~~'~~≈≈≈#
..÷..~~~~~~~~~#[~~~~'~~≈≈≈#
......~~~~~~~~#)~~~~#~~≈≈≈#
.......~~~~~~~#######~≈≈≈≈#
.~............~~~~~~~~≈≈≈≈#


You could see a sea snake simulacrum, 3 death yak simulacra, a manticore
simulacrum, a harpy simulacrum, 2 snapping turtle simulacra, a merfolk
simulacrum, a kraken simulacrum and a faun simulacrum.

Vanquished Creatures
  2 krakens (Shoals:1)
  3 frost giants (Shoals:1)
  An orc warlord (Orc:2)
  2 dire elephants
  A minotaur (Gauntlet)
  Snorg (Lair:3)
  Fannar (Lair:2)
  6 hydras
  An ice dragon (Lair:5)
  3 vault guards (D:13)
  An alligator snapping turtle (Shoals:1)
  7 two-headed ogres
  5 centaur warriors
  4 catoblepae
  A merfolk avatar (Shoals:1)
  36 death yaks
  2 tengu warriors
  3 boulder beetles
  An orc high priest (Orc:2)
  A fire crab (Lair:5)
  3 skeletal warriors (D:14)
  7 skysharks
  2 sea snakes (Shoals:1)
  A glowing orange brain (Gauntlet)
  2 arcanists (D:13)
  3 lindwurms (Lair:5)
  A necromancer (D:13)
  6 orc knights
  A wolf spider (D:15)
  2 fauns (Shoals:1)
  3 orc sorcerers
  3 ugly things
  2 cyclopes
  A salamander (D:15)
  Maurice (Orc:2)
  7 black mambas
  2 water nymphs (Shoals:1)
  7 manticores
  A meliai (Lair:3)
  11 elephants
  3 kobold blastminers (Orc:2)
  8 torpor snails
  A centaur zombie (D:13)
  6 merfolk sirens (Shoals:1)
  A gargoyle (D:12)
  16 cane toads
  A kobold demonologist (Bailey)
  An unseen horror (D:11)
  A rime drake (shapeshifter) (D:15)
  10 komodo dragons
  A yaktaur (D:13)
  4 rime drakes
  A freezing wraith (D:15)
  5 tengu conjurers
  4 tyrant leeches (Lair:5)
  6 merfolk
  6 trolls
  A wolf spider simulacrum (D:15)
  A polar bear (Lair:2)
  12 blink frogs
  7 hornets
  A snapping turtle (Shoals:1)
  Sigmund (D:6)
  3 shadows
  2 water elementals
  69 yaks
  2 wraiths
  A vampire (D:11)
  An alligator snapping turtle simulacrum (Shoals:1)
  18 humans (D:13)
  2 wyverns (Lair:5)
  2 wargs
  4 basilisks (Lair:5)
  A sea snake simulacrum (Shoals:1)
  13 vampire mosquitoes
  2 death yak simulacra (Shoals:1)
  Menkaure (D:6)
  3 steam dragons
  A harpy simulacrum (Shoals:1)
  An acid dragon (D:12)
  15 water moccasins
  54 orc warriors
  2 sky beasts
  4 black bears
  16 wolves
  13 ogres
  21 centaurs
  A phantom (D:5)
  11 bullfrogs
  5 kobold brigands
  A scorpion (D:6)
  2 merfolk simulacra (Shoals:1)
  A faun simulacrum (Shoals:1)
  2 gnoll sergeants
  3 wights (D:7)
  A snapping turtle simulacrum (Shoals:1)
  2 manticore simulacra (Shoals:1)
  11 killer bees
  4 howler monkeys
  5 electric eels
  A bombardier beetle (D:5)
  4 hounds
  21 orc priests
  3 jellies
  A sleepcap (D:8)
  Crazy Yiuf (D:7)
  Jessica (D:3)
  A boggart zombie (D:13)
  2 iguanas (D:5)
  Terence (D:2)
  6 hell rats (Lair:5)
  29 orc wizards
  4 adders
  19 gnolls
  3 white imps
  3 ribbon worms
  125 orcs
  15 endoplasms
  4 giant cockroaches
  12 goblins
  11 hobgoblins
  9 jackals (D:1)
  31 kobolds
  3 ball pythons
  3 bats (D:1)
  3 frilled lizards
  8 rats
  A butterfly (Lair:1)
  4 tentacles (Shoals:1)
875 creatures vanquished.

Vanquished Creatures (collateral kills)
  2 killer bees (Lair:3)
2 creatures vanquished.

Vanquished Creatures (others)
  Erolcha (D:11)
  A rime drake (Lair:5)
  An orc (Bailey)
  17 spectral weapons
  14 tentacles (Shoals:1)
34 creatures vanquished.

Grand Total: 911 creatures vanquished

Notes
Turn   | Place    | Note
-------+----------+-------------------------------------------
     0 | D:1      | Revguard the Coglin Gladiator began the quest for the Orb.
     0 | D:1      | Reached XP level 1. HP: 16/16 MP: 1/1
   105 | D:1      | Found a faded altar of an unknown god.
   130 | D:1      | Reached XP level 2. HP: 17/22 MP: 2/2
   196 | D:1      | Reached skill level 1 in Evocations
   324 | D:1      | Reached XP level 3. HP: 27/27 MP: 3/3
   665 | D:2      | Reached skill level 1 in Armour
   798 | D:2      | Noticed Terence
   804 | D:2      | Killed Terence
   805 | D:2      | Reached XP level 4. HP: 25/34 MP: 4/4
   941 | D:2      | Reached skill level 2 in Evocations
  1111 | D:2      | Identified the ring "Iwkope" {rN+ rCorr}
  1211 | D:3      | Noticed Jessica
  1215 | D:3      | Killed Jessica
  1235 | D:3      | Reached XP level 5. HP: 40/40 MP: 5/5
  1572 | D:3      | Found a shimmering blue altar of Sif Muna.
  1816 | D:3      | Found a white marble altar of Elyvilon.
  1835 | D:3      | Found a broken altar of Ashenzari.
  1934 | D:3      | Reached skill level 3 in Evocations
  1934 | D:3      | Reached XP level 6. HP: 47/47 MP: 6/6
  2170 | D:4      | Found a staircase to the Ecumenical Temple.
  2188 | Temple   | Entered the Ecumenical Temple
  2228 | Temple   | Became a worshipper of the Wu Jian Council
  3081 | D:5      | Entered Level 5 of the Dungeon
  3398 | D:5      | Found an opulent altar of Gozag.
  3417 | D:5      | Reached skill level 4 in Evocations
  3417 | D:5      | Reached XP level 7. HP: 48/52 MP: 7/7
  3855 | D:6      | Found a sacrificial altar of Ru.
  4181 | D:6      | Reached skill level 5 in Evocations
  4181 | D:6      | Reached XP level 8. HP: 32/60 MP: 8/8
  4279 | D:6      | Reached skill level 5 in Long Blades
  4581 | D:6      | Noticed Menkaure
  4586 | D:6      | Killed Menkaure
  4934 | D:6      | Gained mutation: You passively map a small area around you.
                  | [potion of mutation]
  4934 | D:6      | Gained mutation: You are weak. (Str -2) [potion of
                  | mutation]
  4934 | D:6      | Gained mutation: You have a pair of small horns on your
                  | head. [potion of mutation]
  4935 | D:6      | Lost mutation: You passively map a small area around you.
                  | [potion of mutation]
  4935 | D:6      | Lost mutation: You are weak. (Str -2) [potion of mutation]
  4935 | D:6      | Lost mutation: You have a pair of small horns on your head.
                  | [potion of mutation]
  4935 | D:6      | Gained mutation: You are robust. (+10% HP) [potion of
                  | mutation]
  4935 | D:6      | Gained mutation: You occasionally lose the ability to read
                  | scrolls when taking damage. [potion of mutation]
  5065 | D:6      | Noticed Sigmund
  5072 | D:6      | Killed Sigmund
  5268 | D:7      | Reached skill level 5 in Dodging
  5268 | D:7      | Reached skill level 6 in Evocations
  5418 | D:7      | Reached * piety under Wu Jian
  5430 | D:7      | Reached skill level 5 in Fighting
  5537 | D:7      | Reached XP level 9. HP: 45/74 MP: 9/9
  5744 | D:7      | Reached skill level 7 in Evocations
  6178 | D:7      | Found a runed translucent door.
  6179 | D:7      | Noticed Crazy Yiuf
  6188 | D:7      | Killed Crazy Yiuf
  6243 | D:8      | Found Xatwoasajo's Weapon Shop.
  6243 | D:8      | Found Egupiqet's Armour Shop.
  6243 | D:8      | Found Nurookh's Distillery.
  6368 | D:8      | Reached ** piety under Wu Jian
  6427 | D:8      | Reached skill level 5 in Armour
  6656 | D:8      | Identified the +0 dagger "Jiga" {drain, +Blink rF+++ Dex+3
                  | Stlth-}
  6685 | D:8      | Bought a +0 helmet of see invisible for 172 gold pieces
  6864 | D:8      | Found Slymumia's Superlative Supplies.
  7092 | D:8      | Noticed a two-headed ogre
  7100 | D:8      | Killed a two-headed ogre
  7101 | D:8      | Reached skill level 8 in Evocations
  7101 | D:8      | Reached XP level 10. HP: 57/84 MP: 10/10
  7444 | D:9      | Found a flagged portal.
  7451 | Bailey   | Entered a bailey
  7522 | Bailey   | Reached *** piety under Wu Jian
  7708 | Bailey   | Noticed an orc sorcerer
  7714 | Bailey   | Noticed a smoke demon
  7716 | Bailey   | Killed an orc sorcerer
  7717 | Bailey   | Reached skill level 9 in Evocations
  7761 | Bailey   | Acquired a manual of Long Blades
  7905 | Bailey   | Found an iron altar of Okawaru.
  7909 | Bailey   | Noticed a kobold demonologist
  7919 | Bailey   | Killed a kobold demonologist
  7957 | Bailey   | Got the Compendium of the Big Bang
  8262 | D:9      | Reached XP level 11. HP: 92/92 MP: 11/11
  8298 | D:9      | Found a staircase to the Orcish Mines.
  8336 | D:9      | Reached **** piety under Wu Jian
  8362 | D:9      | Noticed a two-headed ogre
  8369 | D:9      | Killed a two-headed ogre
  8464 | D:9      | Found Dojop's Book Boutique.
  8476 | D:9      | Reached skill level 10 in Evocations
  8661 | D:10     | Entered Level 10 of the Dungeon
  8774 | D:10     | Found a hazy altar of Hepliaklqana.
  8774 | D:10     | Found a hide-covered altar of Uskayaw.
  8777 | D:10     | Found a burning altar of Makhleb.
  8783 | D:10     | Found a staircase to the Lair.
  9163 | D:10     | Found an iron altar of Okawaru.
  9449 | D:11     | Noticed Erolcha
  9451 | D:11     | Killed Erolcha
  9559 | D:11     | Noticed a two-headed ogre
  9565 | D:11     | Killed a two-headed ogre
  9663 | D:11     | Reached skill level 10 in Long Blades
 10057 | D:11     | Noticed a two-headed ogre
 10066 | D:11     | Killed a two-headed ogre
 10067 | D:11     | Reached skill level 11 in Evocations
 10068 | D:11     | Noticed an orc knight
 10073 | D:11     | Reached XP level 12. HP: 103/103 MP: 12/12
 10074 | D:11     | Reached ***** piety under Wu Jian
 10121 | D:11     | Found a roughly hewn altar of Beogh.
 10325 | D:12     | Found a gate leading to a gauntlet.
 10331 | Gauntlet | Entered a Gauntlet
 10331 | Gauntlet | Found a transporter.
 10331 | Gauntlet | Found a transporter.
 10376 | Gauntlet | Found a transporter.
 10376 | Gauntlet | Found a transporter.
 10378 | Gauntlet | Noticed a death scarab
 10382 | Gauntlet | Noticed a ghost crab
 10382 | Gauntlet | Noticed a death scarab
 10385 | Gauntlet | Found a transporter.
 10404 | Gauntlet | Found a transporter.
 10414 | Gauntlet | Found a transporter.
 10414 | Gauntlet | Found a transporter.
 10416 | Gauntlet | Noticed a dire elephant
 10418 | Gauntlet | Found a transporter.
 10429 | Gauntlet | Noticed a dire elephant
 10445 | Gauntlet | Found a transporter.
 10452 | Gauntlet | Found a transporter.
 10470 | Gauntlet | Found a transporter.
 10470 | Gauntlet | Found the +0 mask of the Dragon {Will+ Slay+3 SInv}
 10516 | Gauntlet | Found a transporter.
 10537 | Gauntlet | Found a transporter.
 10637 | Gauntlet | Found a transporter.
 10657 | Gauntlet | Found a transporter.
 10907 | Gauntlet | Identified the ring "Ciriq" {Will+ Str+7 Int-5 Dex-4}
 10968 | Gauntlet | Killed a dire elephant
 11009 | Gauntlet | Identified the +6 spear of Propriety {flame, rN++}
 11009 | Gauntlet | Noticed a minotaur
 11024 | Gauntlet | Killed a minotaur
 11032 | Gauntlet | Got the Monograph on the Wyrd
 11102 | D:12     | Found Zurinoc's Jewellery Shop.
 11113 | D:12     | Noticed a two-headed ogre
 11117 | D:12     | Reached skill level 12 in Evocations
 11121 | D:12     | Killed a two-headed ogre
 11321 | D:8      | Bought a potion of berserk rage for 70 gold pieces
 11321 | D:8      | Bought a potion of heal wounds for 70 gold pieces
 11724 | D:12     | Identified the +0 quarterstaff of Amorality {elec, rC+}
 11843 | D:12     | Noticed a centaur warrior
 11853 | D:12     | Killed a centaur warrior
 12332 | D:13     | Noticed a centaur warrior
 12339 | D:13     | Killed a centaur warrior
 12719 | D:13     | Noticed a centaur warrior
 12720 | D:13     | Noticed a tengu warrior
 12720 | D:13     | Noticed a two-headed ogre
 12725 | D:13     | Reached XP level 13. HP: 104/113 MP: 13/13
 12727 | D:13     | Reached skill level 10 in Fighting
 12744 | D:13     | Noticed a vault guard
 12744 | D:13     | Noticed a vault guard
 12758 | D:13     | Killed a vault guard
 12759 | D:13     | Reached skill level 13 in Evocations
 12760 | D:13     | Noticed a vault guard
 12764 | D:13     | Killed a vault guard
 12770 | D:13     | Killed a vault guard
 12905 | D:13     | Found a gate to the Vaults.
 13045 | D:13     | Found a basalt altar of Yredelemnul.
 13266 | D:14     | Reached skill level 10 in Dodging
 13808 | D:15     | Entered Level 15 of the Dungeon
 13832 | D:15     | Reached XP level 14. HP: 62/124 MP: 14/14
 13832 | D:15     | Acquired a tungsten actuator {rPois rCorr Slay+3 Clar RMsl}
 13986 | D:15     | Reached skill level 10 in Armour
 13986 | D:15     | Reached skill level 14 in Evocations
 14396 | D:15     | Found a staircase to the Depths.
 14396 | D:15     | Noticed a dire elephant
 14413 | D:15     | Killed a dire elephant
 14418 | D:15     | Reached skill level 1 in Stealth
 14546 | D:15     | Identified the staff of the Final Chapter {^Fragile rN+
                  | rCorr MP+9 Str+4 Necro}
 14742 | Lair:1   | Entered Level 1 of the Lair of Beasts
 15507 | Lair:2   | Noticed Fannar
 15538 | Lair:2   | Killed Fannar
 16159 | Lair:3   | Reached skill level 15 in Long Blades
 16169 | Lair:3   | Reached skill level 15 in Evocations
 16172 | Lair:3   | Reached XP level 15. HP: 85/132 MP: 15/15
 16354 | Lair:3   | Found the +9 scales of the Dragon King {rPois rF+ rC+
                  | Will+}
 16520 | Lair:3   | Found a staircase to the Shoals.
 16724 | Lair:3   | Noticed Snorg
 16725 | Lair:3   | Found a hole to the Spider Nest.
 16732 | Lair:3   | Killed Snorg
 17209 | Lair:4   | Reached ****** piety under Wu Jian
 17997 | Lair:5   | Entered Level 5 of the Lair of Beasts
 18021 | Lair:5   | Reached skill level 5 in Stealth
 18061 | Lair:5   | Identified the +10 war axe of Prudence {holy, +Blink Will+
                  | rCorr}
 18091 | Lair:5   | Found a viscous altar of Jiyva.
 18092 | Lair:5   | Found a staircase to the Slime Pits.
 18347 | Lair:5   | Reached skill level 16 in Evocations
 18357 | Lair:5   | Reached XP level 16. HP: 121/141 MP: 16/16
 18482 | Lair:5   | Got an earthy gem with 28 turns to spare
 19483 | Orc:1    | Entered Level 1 of the Orcish Mines
 19801 | Orc:2    | Entered Level 2 of the Orcish Mines
 19877 | Orc:2    | Noticed Maurice
 19899 | Orc:2    | Killed Maurice
 19954 | Orc:2    | Found Kojikh's Assorted Antiques.
 19970 | Orc:2    | Bought a scroll of identify for 70 gold pieces
 19970 | Orc:2    | Bought a scroll of teleportation for 105 gold pieces
 19970 | Orc:2    | Bought a scroll labelled POOTA IPTAYHYO for 35 gold pieces
 19970 | Orc:2    | Bought a potion of heal wounds for 175 gold pieces
 20091 | Orc:2    | Found a roughly hewn altar of Beogh.
 20148 | Orc:2    | Found Epnal's Antique Weapon Boutique.
 20154 | Orc:2    | Found a roughly hewn altar of Beogh.
 20154 | Orc:2    | Found Winup's Antique Armour Shop.
 20177 | Orc:2    | Bought a glowing cloak for 217 gold pieces
 20193 | Orc:2    | Bought a glowing dagger for 85 gold pieces
 20282 | Orc:2    | Found a roughly hewn altar of Beogh.
 20298 | Orc:2    | Found a roughly hewn altar of Beogh.
 20304 | Orc:2    | Found Saufran's Distillery.
 20324 | Orc:2    | Bought a potion of resistance for 140 gold pieces
 20488 | Orc:2    | Found a staircase to the Elven Halls.
 20549 | Orc:2    | Found a roughly hewn altar of Beogh.
 20623 | Orc:2    | Found a roughly hewn altar of Beogh.
 20630 | Orc:2    | Found Peqithrys's Antique Armour Shop.
 20977 | Shoals:1 | Entered Level 1 of the Shoals
 21296 | Shoals:1 | Reached XP level 17. HP: 118/150 MP: 17/17
 21397 | Shoals:1 | Noticed a kraken
 21427 | Shoals:1 | Killed a kraken
 21529 | Shoals:1 | Found a runed translucent gate.
 21530 | Shoals:1 | Found a runed translucent gate.
 21531 | Shoals:1 | Found a runed translucent gate.
 21654 | Shoals:1 | Reached skill level 17 in Evocations
 21696 | Shoals:1 | Noticed a kraken
 21705 | Shoals:1 | Killed a kraken
 21813 | Shoals:1 | Demolished by a death yak simulacrum

Illustrated notes

Levels and vault maps discovered:
D:1:      reono_arrival_mine, layout_basic, hellmonk_ecumenical_altar_dog_temple
D:2:      layout_loops_cross, uniq_terence
D:3:      layout_loops_ring, led_sif_pool, mainiacjoe_overflow_swirl,
          uniq_jessica
D:4:      layout_layer_cave, minmay_temple_entry_stoned_glass, grunt_tough_drop
D:5:      layout_loops_ring, nicolae_overflow_crystal_walls
D:6:      layout_basic, mainiacjoe_overflow_24_doors, serial_rivers,
          chequers_serial_rivers_small_b, chequers_serial_rivers_room_b,
          chequers_serial_rivers_micro_d, chequers_serial_rivers_large_b,
          grunt_decor_fettered, minmay_gold_behind_fungi,
          kennysheep_cluttered_room, uniq_menkaure, uniq_sigmund
D:7:      layout_cave_pools, serial_column_ruins, column_ruins_columns_corner,
          column_ruins_open_medium, column_ruins_columns_corner,
          column_ruins_corridor_corner, column_ruins_grid_1,
          column_ruins_open_medium, minmay_misc_feat_encased,
          uniq_crazy_yiuf_cottage
D:8:      layout_gridville, nicolae_shop_distant_corner_stores,
          nicolae_alphabet_shops, nicolae_elevator_lobby_plus
D:9:      layout_roguey, kennysheep_orc_monster_closet_entryway, serial_shops,
          shop, enter_bailey_2, hangedman_abyss_or_decor_clamps
D:10:     layout_basic, nicolae_overflow_hidden_temple, erik_lair_island
D:11:     layout_irregular_city, lightli_church_of_beogh, uniq_erolcha
D:12:     layout_gridville, serial_shops, shop, gauntlet_entry_generic
D:13:     layout_irregular_city, grunt_vaults_entry_tiered,
          lemuel_zombie_altar_yredelemnul
D:14:     cheibrodos_orc_bank, layout_gridville, serial_park_tiny_2
D:15:     hangedman_depths_entry_try_elsewhere_first, layout_basic,
          hangedman_decor_push
Temple:   nicolae_temple_hex_pool
Lair:1:   layout_concentric_octagons, lemuel_fruit_fields
Lair:2:   layout_regular_city, st_stairs_5, lemuel_fruit_tree, uniq_fannar
Lair:3:   nzn_winding_woodlands_small
          [nzn_winding_woodlands_5x15_river_crossing,
          nzn_winding_woodlands_center_diamonds,
          nzn_winding_woodlands_5x15_sidewinder], layout_small_grid,
          elwin_shoals_entry_stream, hellmonk_spider_entry_not_the_bees,
          uniq_snorg
Lair:4:   layout_hall_layers
Lair:5:   wormcave, layout_small_grid, hangedman_lair_in_review,
          nicolae_slime_entry_slimehenge, infiniplex_staircase_pool
Shoals:1: layout_shoals, ldierk_geyser, nicolae_shoals_beach_cooler
Orc:1:    layout_caves
Orc:2:    grunt_orc_community_town_hall, layout_caves,
          grunt_orc_community_big_house_2, grunt_orc_community_big_house_2,
          grunt_orc_community_house_2, grunt_orc_community_house_3,
          grunt_orc_community_house_1, grunt_orc_community_house_2,
          serial_shops, shop, uniq_maurice

Skill      XL: |  1  2  3  4  5  6  7  8  9 10 11 12 13 14 15 16 17 |
---------------+----------------------------------------------------+-----
Evocations     | 1 2 3 4 5 6 8 9 11 12 13 15 16 17 | 17.1
Dodging        | 3 4 5 6 7 8 9 10 11 12 | 12.7
Armour         | 1 2 3 4 5 6 7 8 9 10 11 12 | 12.4
Fighting       | 3 4 5 6 7 8 9 11 12 13 | 13.6
Long Blades    | 4 5 7 8 10 12 13 15 16 | 16.7
Stealth        | 3 5 6 7 |  7.2
Throwing       | |  1.7

Action                     |  1- 3 |  4- 6 |  7- 9 | 10-12 | 13-15 | 16-18 || total
---------------------------+-------+-------+-------+-------+-------+-------++-------
  Melee: Long sword        |    71 |   110 |   267 |   669 |   903 |    17 ||  2037
         Dagger            |    68 |    99 |   255 |   623 |   893 |   666 ||  2604
         Scimitar          |       |       |       |       |       |   691 ||   691
 Invoke: Serpent's Lash    |       |       |       |     4 |     3 |     2 ||     9
         Heavenly Storm    |       |       |       |     1 |     2 |     1 ||     4
Ability: Lunge             |       |     9 |    18 |    45 |    71 |    66 ||   209
         Whirlwind         |       |       |    75 |   159 |   408 |   283 ||   925
         Wall Jump         |       |       |     1 |    14 |     3 |    11 ||    29
         Invent Gizmo      |       |       |       |       |     1 |       ||     1
  Evoke: Wand              |       |       |     1 |    13 |    13 |    24 ||    51
         Phantom mirror    |       |       |       |       |     1 |     1 ||     2
    Use: Scroll            |       |    12 |     2 |    11 |     6 |     3 ||    34
         Potion            |       |       |     4 |     5 |     3 |     3 ||    15
   Stab: Distracted        |       |       |     5 |    13 |    20 |     3 ||    41
         Invisible         |       |       |       |     3 |    26 |     9 ||    38
         Petrifying        |       |       |       |       |     3 |     1 ||     4
         Sleeping          |       |       |       |       |    10 |    11 ||    21
         Petrified         |       |       |       |       |     4 |     1 ||     5
 Armour: Leather armour    |    22 |       |       |       |       |       ||    22
         Ring mail         |    36 |       |       |       |       |       ||    36
         Scale mail        |       |    62 |   180 |     5 |       |       ||   247
         Troll leather arm |       |       |       |   316 |   276 |   184 ||   776
  Dodge: Dodged            |    61 |    47 |   108 |   474 |   469 |   324 ||  1483
         Repelled          |       |       |       |       |     3 |     9 ||    12

Table legend: (Time is in decaauts)
 A = Elapsed time spent in this place.
 B = Non-inter-level travel time spent in this place.
 C = Inter-level travel time spent in this place.
 D = Time resting spent in this place.
 E = Time spent auto-exploring this place.
 F = Levels seen in this place.
 G = Mean time per level.
                   A        B        C        D        E       F      G
               +--------+--------+--------+--------+--------+-----+--------+
         Total |  21882 |  20299 |   1583 |    310 |  15109 |  26 |  841.6 |
       Dungeon |  13450 |  12243 |   1207 |    245 |   9580 |  15 |  896.7 |
        Temple |     66 |     66 |      0 |      0 |      0 |   1 |   66.0 |
          Lair |   4730 |   4442 |    288 |      5 |   3393 |   5 |  946.0 |
        Shoals |    897 |    897 |      0 |      0 |    596 |   1 |  897.0 |
  Orcish Mines |   1362 |   1276 |     86 |      0 |    872 |   2 |  681.0 |
        Bailey |    678 |    678 |      0 |     31 |    339 |   1 |  678.0 |
      Gauntlet |    696 |    696 |      0 |     29 |    328 |   1 |  696.0 |
               +--------+--------+--------+--------+--------+-----+--------+

Top non-repeatable levels by time:
     D:6: 1466 daAuts
  Lair:5: 1343 daAuts
     D:8: 1196 daAuts
     D:7: 1088 daAuts
     D:4: 1040 daAuts
  Lair:3: 1000 daAuts
  Lair:4: 959 daAuts
   Orc:2: 934 daAuts
    D:10: 913 daAuts
    D:13: 905 daAuts
Shoals:1: 897 daAuts
    D:12: 891 daAuts
    D:11: 870 daAuts
    D:15: 829 daAuts
     D:9: 810 daAuts
